 Dungeon Crawl Stone Soup version 0.29-a0-422-gafbd6decc1 (webtiles) character file.

Game seed: 17814073932344089705

55 happo123 the Ruffian (level 3, -3/54 HPs)
             Began as a Troll Berserker on May 18, 2022.
             Was a Believer of Trog.
             Slain by an orc
             ... wielding a +0 mace
              (5 damage)
             ... on level 1 of the Dungeon.
             The game lasted 00:02:35 (1163 turns).

happo123 the Ruffian (Troll Berserker)              Turns: 1163, Time: 00:02:36

Health: -3/54      AC:  4    Str: 27    XL:     3   Next: 67%
Magic:  0/2        EV: 10    Int:  3    God:    Trog [**....]
Gold:   40         SH:  0    Dex:  9    Spells: 2/2 levels left

rFire   . . .      SeeInvis .     - Unarmed
rCold   . . .      Faith    .   (no shield)
rNeg    . . .      Spirit   .   a - +0 animal skin
rPois   .          Reflect  .   (helmet restricted)
rElec   .          Harm     .   (no cloak)
rCorr   .          Rampage  .   (gloves unavailable)
Will    .....                   (boots unavailable)
Stlth   ..........              (no amulet)
HPRegen 0.98/turn               (no ring)
MPRegen 0.08/turn               (no ring)

@: berserking, lethally poisoned (-3 -> -11), very quick
A: large, unfitting armour, claws 3, regeneration 1, shaggy fur 1, tough skin 1
a: Renounce Religion, Berserk, Trog's Hand


You were on level 1 of the Dungeon.
You worshipped Trog.
Trog was pleased with you.
You visited 1 branch of the dungeon, and saw 1 of its levels.

You collected 40 gold pieces.

Inventory:

Armour
 a - a +0 animal skin (worn)
Scrolls
 b - a scroll of noise {unknown}
 e - a scroll of poison {unknown}
 f - a scroll of fog {unknown}
Potions
 c - 2 potions of curing {unknown}
 d - a potion of degeneration {unknown}


   Skills:
 + Level 2.9 Fighting
 + Level 2.9 Dodging
 + Level 3.8 Unarmed Combat


You had 2 spell levels left.
You didn't know any spells.
Your spell library was empty.

Dungeon Overview and Level Annotations

Branches:
Dungeon (1/15)

Altars:


Innate Abilities, Weirdness & Mutations

You are too large for most types of armour.
You have claws for hands.
Your natural rate of healing is unusually fast.
You are covered in fur. (AC +1)
You have tough skin. (AC +1)


Message History

You barely miss the orc. The bat hits you. The bat closely misses you.
The orc closely misses you. The goblin hits you but does no damage.
The orc hits you but does no damage. The orc hits you with a +0 short sword.
The orc hits you with a +0 short sword of venom.
The orc hits you but does no damage.
You mangle the orc!!
You kill the orc!
Trog accepts your kill. The bat hits you but does no damage.
You barely miss the orc. The orc hits you but does no damage.
The orc hits you with a +0 short sword of venom.
* * * LOW HITPOINT WARNING * * *
You are poisoned.
The goblin barely misses you. The orc hits you with a +0 mace.
* * * LOW HITPOINT WARNING * * *
The orc closely misses you. The bat hits you.
* * * LOW HITPOINT WARNING * * *
The giant cockroach closely misses you.
You barely miss the orc.
You feel sick. The bat closely misses you.
The orc hits you with a +0 short sword of venom.
* * * LOW HITPOINT WARNING * * *
You are lethally poisoned!
The goblin barely misses you. The orc completely misses you.
The orc barely misses you. The orc misses you.
The giant cockroach bites you but does no damage.
You claw the orc!
You kill the orc!
Trog accepts your kill.
You can now call upon Trog for regeneration and willpower.
* * * LOW HITPOINT WARNING * * *
You feel sick.
You barely miss the orc.
* * * LOW HITPOINT WARNING * * *
You feel very sick. The bat hits you but does no damage.
The giant cockroach closely misses you.
The orc hits you with a +0 short sword of venom.
* * * LOW HITPOINT WARNING * * *
The orc barely misses you. The goblin hits you but does no damage.
The orc hits you with a +0 mace.
You die...

#.....#.............#....#....#
#######...###........#...##..#.
#..............#.......##
#...########....##..#..#.
#...#....# ##....#...##..
###...#....#####....)#.....
####.....#...o#.#.8.))...##...
#....#...#..oBg).............#
####...##.(.#.oo@)........##.##..
#.......#...#..ob#.#.8.....#...#.
#.......#...#....#####...#...#.#.
#.......#...#....# ##..##...###..
#.##....#...########..#...#....#.
#.......#.................##.....
#..##.###########################
#.....# #.# ########## ##.####
##'## #........#


You could see 5 orcs, a giant cockroach, a goblin and a bat.

Vanquished Creatures
  A gnoll (D:1)
  2 dart slugs (D:1)
  7 orcs (D:1)
  A giant cockroach (D:1)
  3 goblins (D:1)
  3 hobgoblins (D:1)
  4 jackals (D:1)
  2 bats (D:1)
  3 frilled lizards (D:1)
  5 kobolds (D:1)
  3 rats (D:1)
34 creatures vanquished.

Notes
Turn   | Place    | Note
-------+----------+-------------------------------------------
     0 | D:1      | happo123 the Troll Berserker began the quest for the Orb.
     0 | D:1      | Reached XP level 1. HP: 22/22 MP: 0/0
    47 | D:1      | Found a large runed translucent door.
    47 | D:1      | Found a large runed translucent door.
    75 | D:1      | Reached XP level 2. HP: 29/29 MP: 1/1
   356 | D:1      | Reached XP level 3. HP: 34/36 MP: 2/2
  1162 | D:1      | Reached ** piety under Trog
  1163 | D:1      | HP: 2/54 [orc/+0 short sword of venom (3)]
  1163 | D:1      | Slain by an orc

Illustrated notes

Levels and vault maps discovered:
D:1:      erik_arrival_cave_to_civilisation [erik_arrival_cave_to_temple],
          layout_loops_corners, chequers_avenue

Action                   || total
-------------------------++-------
Melee: Unarmed           ||    81
       Punch             ||     1
Invok: Berserk           ||     1
 Stab: Sleeping          ||     1
Armor: Animal skin       ||    52
Dodge: Dodged            ||    74

Table legend: (Time is in decaauts)
 A = Elapsed time spent in this place.
 B = Non-inter-level travel time spent in this place.
 C = Inter-level travel time spent in this place.
 D = Time resting spent in this place.
 E = Time spent auto-exploring this place.
 F = Levels seen in this place.
 G = Mean time per level.
                   A        B        C        D        E       F      G
               +--------+--------+--------+--------+--------+-----+--------+
         Total |   1152 |   1094 |     58 |      0 |    906 |   1 | 1152.0 |
       Dungeon |   1152 |   1094 |     58 |      0 |    906 |   1 | 1152.0 |
               +--------+--------+--------+--------+--------+-----+--------+

Top non-repeatable levels by time:
     D:1: 1152 daAuts
